 Dungeon Crawl Stone Soup version 0.31.0-32-g396128a36d (webtiles) character file.

Game seed: 435925284247057945

10766 Peloso the Carver (level 11, 0/99 HPs)
             Began as a Minotaur Fighter on Apr 10, 2024.
             Was a Priest of Okawaru.
             Slain by an orc warrior
             ... wielding a +0 halberd
              (7 damage)
             ... on level 10 of the Dungeon.
             The game lasted 00:23:38 (9932 turns).

Peloso the Carver (Minotaur Fighter)                Turns: 9932, Time: 00:23:38

Health: 0/99       AC: 23    Str: 20    XL:     11   Next: 40%
Magic:  0/10       EV:  9    Int:  5    God:    Okawaru [***...]
Gold:   694        SH:  6    Dex: 15    Spells: 10/10 levels left

rFire   + . .        a - +0 long sword
rCold   . . .        c - +0 buckler
rNeg    . . .        f - +1 shadow dragon scales
rPois   .            (helmet restricted)
rElec   .            y - +1 cloak {rCorr}
rCorr   +            k - +2 pair of gloves
SInv    .            (no boots)
Will    .....        u - amulet of guardian spirit
Stlth   +++          r - ring of protection from fire
HPRegen 0.36/turn    (no ring)
MPRegen 0.12/turn

%: guardian spirit
@: no status effects
A: horns 2, retaliatory headbutt
a: Renounce Religion, Heroism


You were on level 10 of the Dungeon.
You worshipped Okawaru.
Okawaru was most pleased with you.
You visited 2 branches of the dungeon, and saw 11 of its levels.
You also visited: Bailey.

You collected 830 gold pieces.
You spent 136 gold pieces at shops.

Inventory:

Hand Weapons
 a - a +0 long sword (weapon)
Armour
 b - a +1 scale mail
 c - a +0 buckler (worn)
 f - +1 shadow dragon scales (worn)
 k - a +2 pair of gloves (worn)
 l - a +1 cloak of poison resistance
 y - a +1 cloak of preservation (worn)
 B - a +3 scale mail of willpower
Jewellery
 r - a ring of protection from fire (left hand)
 s - a +6 ring of intelligence
 u - an amulet of guardian spirit (around neck)
Talismans
 d - a serpent talisman
 w - a blade talisman
Wands
 o - a wand of flame (38)
 t - a wand of paralysis (8)
Scrolls
 h - a scroll of silence
 m - 3 scrolls of teleportation
 q - a scroll of enchant armour
 x - 3 scrolls of enchant weapon
 z - a scroll of amnesia
 A - a scroll of blinking {unknown}
 C - a scroll of immolation
Potions
 e - 7 potions of brilliance
 g - 2 potions of haste
 i - 2 potions of mutation
 j - a potion of degeneration {unknown}
 n - 2 potions of heal wounds
 p - 5 potions of curing
 v - a potion of magic
 D - 3 potions of lignification


   Skills:
 + Level 9.6 Fighting
 + Level 13.4 Long Blades
 + Level 10.6 Armour
 + Level 4.4 Dodging
 + Level 3.3 Stealth
 + Level 9.0 Shields
 + Level 0.7 Invocations


You had 10 spell levels left.
You didn't know any spells.
Your spell library contained the following spells:

 Spells                   Type           Power      Damage    Failure   Level
 Kiss of Death            Conj/Necr      0%         2d5       99%         1
 Sting                    Conj/Alch      0%         1d3       99%         1
 Mercury Vapours          Alch/Air       0%         N/A       100%        2
 Scorch                   Fire           0%         2d5       100%        2
 Confusing Touch          Hex            0%         N/A       100%        3
 Frozen Ramparts          Ice            0%         1d1       100%        3
 Dispel Undead            Necr           0%         3d6       100%        4
 Flame Wave               Conj/Fire      0%         2d4       100%        4
 Ignite Poison            Fire/Alch      0%         N/A       100%        4
 Leda's Liquefaction      Alch/Erth      0%         N/A       100%        4
 Olgreb's Toxic Radiance  Alch           0%         N/A       100%        4
 Petrify                  Alch/Erth      0%         N/A       100%        4
 Sticky Flame             Fire/Alch      0%         2d4       100%        4
 Lee's Rapid Deconstruct  Erth           0%         3d4*      100%        5
 Metabolic Englaciation   Hex/Ice        0%         N/A       100%        5
 Bombard                  Conj/Erth      0%         9d1       100%        6
 Ignition                 Fire           0%         3d3       100%        8
 Summon Cactus Giant      Summ           Unusable   N/A       N/A         6

Dungeon Overview and Level Annotations

Branches:
Dungeon (10/15)            Temple (1/1) D:4            Lair (0/5) D:9
    Orc (0/2) D:10         Bailey (visited)

Altars:
Ashenzari
Cheibriados
Dithmenos
Elyvilon
Fedhas
Gozag
Hepliaklqana
Kikubaaqudgha
Makhleb
Nemelex Xobeh
Okawaru
Qazlal
Ru
Sif Muna
Trog
Uskayaw
Vehumet
Wu Jian
Xom
Yredelemnul
Zin
The Shining One

Shops:
D:1 ?   D:2 [   D:5 =   D:6 *   D:7 (   D:9 !


Innate Abilities, Weirdness & Mutations

You have a pair of horns on your head.
You reflexively headbutt those who attack you in melee.


Message History

You hit the orc priest.
The orc priest is lightly wounded.
You block the orc warrior's attack.
You barely miss the orc priest.
You headbutt the orc priest, but do no damage.
The orc priest is lightly wounded.
You block the orc warrior's attack. You block the orc priest's attack.
The orc warrior hits you but does no damage.
You hit the orc priest.
You headbutt the orc priest, but do no damage.
The orc priest is heavily wounded.
The orc warrior hits you but does no damage.
The orc priest hits you but does no damage.
The orc warrior hits you but does no damage.
You closely miss the orc priest.
The orc priest is heavily wounded.
The orc warrior barely misses you.
The orc priest mumbles some strange prayers to Beogh against you.
Pain shoots through your body!
You slash the orc priest!
You kill the orc priest!
Okawaru accepts your kill.
The orc warrior hits you from afar with a +0 trident!
* * * LOW HITPOINT WARNING * * *
The orc warrior hits you but does no damage.
You closely miss the yak. The orc warrior barely misses you.
You hit the yak.
The yak is lightly wounded.
The orc warrior hits you from afar with a +0 halberd.
* * * LOW HITPOINT WARNING * * *
You block the yak's attack. The orc warrior barely misses you.
You slash the yak!
The yak is moderately wounded.
The orc warrior hits you from afar with a +0 halberd!
* * * LOW HITPOINT WARNING * * *
The yak gores you but does no damage. You block the orc warrior's attack.
You hit the yak but do no damage.
The yak is moderately wounded.
The orc warrior hits you from afar with a +0 halberd!
You die...

#........#.........#
#......=...........#
#..................#
#...........[.....<#
...................#
..........#.(.....##
#.........##.....##
#........o##.#.###
#.......ooY@.#.#
#........o##...#
#.......).##.#...#
.........###.#.#..#
.......... #.. # .#
##.#..#.. ... #
...#.......... ##
.Y.........
......##.


You could see a yak, 2 orc warriors and 2 orcs.

Vanquished Creatures
  Erolcha (D:10)
  A deep elf pyromancer (Bailey)
  An orc knight (Bailey)
  Maurice (D:7)
  An elephant (D:9)
  Joseph (D:8)
  3 kobold demonologists (D:9)
  2 hornets
  Sigmund (D:4)
  3 wraiths
  A basilisk (D:9)
  Grum (D:8)
  A vampire (D:9)
  6 yaks
  5 steam dragons
  A water moccasin (D:6)
  An acid dragon (D:9)
  7 orc warriors
  The ghost of Nuwings the Ruffian, an amateur TrBe of Trog (D:5)
  3 black bears
  A sky beast (D:7)
  An ogre (D:4)
  5 centaurs
  2 wolves (D:8)
  2 phantoms
  A kobold brigand (D:9)
  6 bullfrogs
  A gnoll sergeant (D:9)
  A scorpion (D:5)
  5 wights (D:8)
  2 howler monkeys
  A bombardier beetle (D:6)
  2 jellies
  8 hounds
  Crazy Yiuf (D:3)
  14 orc priests
  2 sleepcaps (D:6)
  A gnoll bouda (D:6)
  4 iguanas
  10 orc wizards
  10 adders
  8 gnolls
  2 shadow imps (D:5)
  2 ufetubi (D:6)
  2 ribbon worms
  68 orcs
  8 endoplasms
  3 giant cockroaches
  5 hobgoblins
  9 jackals
  8 quokkas
  6 ball pythons
  A bat (D:3)
  2 frilled lizards
  9 goblins
  10 kobolds
  6 rats
271 creatures vanquished.

Vanquished Creatures (others)
  An orc wizard (D:8)
1 creature vanquished.

Grand Total: 272 creatures vanquished

Notes
Turn   | Place    | Note
-------+----------+-------------------------------------------
     0 | D:1      | Peloso the Minotaur Fighter began the quest for the Orb.
     0 | D:1      | Reached XP level 1. HP: 19/19 MP: 0/0
   102 | D:1      | Reached XP level 2. HP: 22/27 MP: 1/1
   204 | D:1      | Found Pughaj's Magic Scroll Boutique.
   364 | D:1      | Reached XP level 3. HP: 28/33 MP: 2/2
   556 | D:2      | Found a faded altar of an unknown god.
   579 | D:2      | Reached skill level 3 in Long Blades
   815 | D:2      | Found Fuqiwoel's Antique Armour Emporium.
  1082 | D:3      | Reached XP level 4. HP: 36/40 MP: 3/3
  1196 | D:3      | Reached skill level 4 in Long Blades
  1733 | D:3      | Found a runed translucent door.
  1734 | D:3      | Noticed Crazy Yiuf
  1860 | D:3      | Killed Crazy Yiuf
  1861 | D:3      | Reached XP level 5. HP: 18/46 MP: 2/4
  2190 | D:4      | Found a staircase to the Ecumenical Temple.
  2190 | D:4      | Noticed Sigmund
  2204 | D:4      | Reached skill level 5 in Long Blades
  2204 | D:4      | Reached skill level 1 in Dodging
  2236 | D:4      | Killed Sigmund
  2237 | D:4      | Reached skill level 5 in Armour
  2237 | D:4      | Reached XP level 6. HP: 21/53 MP: 5/5
  2246 | D:4      | Reached skill level 5 in Shields
  2258 | Temple   | Entered the Ecumenical Temple
  2411 | D:4      | Reached skill level 6 in Long Blades
  2411 | D:4      | Reached XP level 7. HP: 60/60 MP: 6/6
  2557 | D:4      | Found a hazy altar of Hepliaklqana.
  2558 | D:4      | Found a shadowy altar of Dithmenos.
  2558 | D:4      | Noticed a shadow
  2625 | D:5      | Entered Level 5 of the Dungeon
  2626 | D:5      | Found a runed translucent door.
  2661 | D:5      | Found Tekuwa's Jewellery Boutique.
  2727 | D:5      | Reached skill level 5 in Fighting
  3008 | D:5      | Reached skill level 1 in Stealth
  3278 | D:5      | Reached skill level 7 in Long Blades
  3450 | D:5      | Noticed Nuwings's ghost (amateur TrBe)
  3529 | D:6      | Noticed a steam dragon
  3557 | D:6      | Reached XP level 8. HP: 42/69 MP: 7/7
  3654 | D:6      | Found Rusept's General Store.
  3658 | D:6      | Bought a scroll of fear for 56 gold pieces
  3765 | D:6      | Reached skill level 8 in Long Blades
  4167 | D:6      | Reached skill level 9 in Long Blades
  4477 | D:7      | Noticed a hornet
  4510 | D:7      | Killed a hornet
  4712 | D:7      | Reached XP level 9. HP: 57/77 MP: 8/8
  5158 | D:7      | Reached skill level 10 in Long Blades
  5294 | D:7      | Noticed Maurice
  5299 | D:7      | Something stole an amulet of guardian spirit
  5303 | D:7      | Paralysed by something for 3 turns
  5307 | D:7      | Something stole a blade talisman
  5308 | D:7      | Something stole 267 gold
  5309 | D:7      | Paralysed by something for 3 turns
  5331 | D:7      | Paralysed by something for 3 turns
  5351 | D:7      | Paralysed by something for 5 turns
  5359 | D:7      | Killed Maurice
  5799 | D:7      | Found Igibumpe's Weapon Boutique.
  6271 | D:8      | Found an iron altar of Okawaru.
  6271 | D:8      | Found a burning altar of Makhleb.
  6287 | D:8      | Found an opulent altar of Gozag.
  6297 | D:8      | Became a worshipper of Warmaster Okawaru
  6327 | D:8      | Reached skill level 11 in Long Blades
  6361 | D:8      | Found an ancient bone altar of Kikubaaqudgha.
  6403 | D:8      | Noticed Joseph
  6405 | D:8      | Noticed Grum
  6434 | D:8      | Killed Grum
  6435 | D:8      | Reached XP level 10. HP: 65/86 MP: 9/9
  6473 | D:8      | Killed Joseph
  6883 | D:9      | Reached * piety under Okawaru
  6889 | D:9      | Reached skill level 12 in Long Blades
  6992 | D:9      | Found a sacrificial altar of Ru.
  7138 | D:9      | Found a staircase to the Lair.
  7138 | D:9      | Noticed an elephant
  7153 | D:9      | Found a flagged portal.
  7172 | Bailey   | Entered a bailey
  7623 | Bailey   | Found a large runed translucent door.
  7623 | Bailey   | Found a large runed translucent door.
  7624 | Bailey   | Noticed a deep elf pyromancer
  7696 | Bailey   | Noticed an orc knight
  7759 | Bailey   | Killed an orc knight
  7939 | Bailey   | Killed a deep elf pyromancer
  7968 | Bailey   | Identified the +0 robe of the Unseen Realm {Harm}
  8047 | D:9      | Killed an elephant
  8047 | D:9      | Reached ** piety under Okawaru
  8085 | D:9      | Reached XP level 11. HP: 17/97 MP: 4/10
  8392 | D:9      | Identified the +0 robe of Reasonable Happiness {MP+9 Int+2
                  | Stlth+}
  8457 | D:9      | Reached skill level 10 in Armour
  8650 | D:9      | Found Yblento's Distillery.
  8656 | D:9      | Bought a potion of heal wounds for 80 gold pieces
  8729 | D:9      | Found a stormy altar of Qazlal.
  8998 | D:5      | Killed Nuwings's ghost
  9065 | D:10     | Entered Level 10 of the Dungeon
  9213 | D:9      | Reached skill level 13 in Long Blades
  9507 | D:10     | Found a staircase to the Orcish Mines.
  9836 | D:10     | Noticed Erolcha
  9853 | D:10     | Killed Erolcha
  9867 | D:10     | Reached *** piety under Okawaru
  9932 | D:10     | Slain by an orc warrior

Illustrated notes

Levels and vault maps discovered:
D:1:      saegor_arrival_simple_d, layout_rooms, serial_shops, shop,
          chequers_serial_rivers_micro_a, hex_intersection
D:2:      layout_rooms, serial_shops, shop, nicolae_ecumenical_pavilion
D:3:      layout_rooms, uniq_crazy_yiuf_cottage
D:4:      layout_basic, riverfiend_overflow_shadow_ancestor,
          minmay_temple_entry_water_ring, uniq_sigmund
D:5:      layout_loops_corners, gammafunk_ghost_grave, kennysheep_donut,
          minmay_shop_enchanted_jewellery
D:6:      layout_basic, serial_shops, shop
D:7:      kb_forest_paths, layout_layer_cave, serial_shops,
          nicolae_lakefront_shop, uniq_maurice
D:8:      layout_basic, nicolae_overflow_macrodata_refinement, uniq_joseph,
          uniq_grum
D:9:      layout_cave_pods, nicolae_qazlal_eye_of_the_storm,
          amcnicky_altar_gilded, david_lair_generic, enter_bailey_5,
          serial_shops, shop, dk_noncrumbling_4
D:10:     layout_rooms, hiddenorc2_lemuel, serial_shops,
          nicolae_shop_tiny_glass, uniq_erolcha
Temple:   nicolae_temple_bog_church

Skill      XL: |  1  2  3  4  5  6  7  8  9 10 11 |
---------------+----------------------------------+-----
Shields        | 4 5 7 8 9 |  9.0
Armour         | 4 5 6 7 8 9 10 | 10.6
Fighting       | 4 5 6 7 9 |  9.6
Long Blades    | 3 4 5 6 7 9 11 12 13 | 13.4
Dodging        | 1 2 3 4 |  4.4
Stealth        | 1 3 |  3.3
Invocations    | |  0.7

Action                     |  1- 3 |  4- 6 |  7- 9 | 10-12 || total
---------------------------+-------+-------+-------+-------++-------
  Melee: Long sword        |   105 |   121 |   431 |   478 ||  1135
         Headbutt          |     9 |    26 |    84 |   107 ||   226
 Invoke: Heroism           |       |       |       |     7 ||     7
    Use: Scroll            |     5 |     4 |     3 |     5 ||    17
         Potion            |     4 |       |     1 |     6 ||    11
   Stab: Sleeping          |       |     2 |     9 |     2 ||    13
 Armour: Scale mail        |   103 |     8 |       |       ||   111
         Shadow dragon sca |       |   116 |   365 |   515 ||   996
  Dodge: Dodged            |    61 |    41 |   160 |   174 ||   436
  Block: Buckler           |    35 |    30 |   104 |   169 ||   338
